 Dungeon Crawl Stone Soup version 0.15.1-3-g1b33baa (webtiles) character file.

88 CrazyArbalest the Covered (level 4, -2/31 HPs)
             Began as a Halfling Fighter on Oct 7, 2014.
             Slain by Prince Ribbit (14 damage)
             ... on Level 4 of the Dungeon.
             The game lasted 00:08:02 (2822 turns).

CrazyArbalest the Covered (Halfling Fighter)        Turns: 2822, Time: 00:08:03

HP  -2/31        AC  7     Str 16      XL: 4   Next: 81%
MP   4/4         EV 10     Int  7      God:
Gold 117         SH  6     Dex 14      Spells:  0 memorised,  3 levels left

rFire  . . .     SeeInvis .     a - +0 cutlass
rCold  . . .     Clarity  .     b - +0 scale mail
rNeg   . . .     rCorr    .     c - +0 buckler
rPois  .         rRot     .     (no helmet)
rElec  .         Spirit   .     (no cloak)
SustAb .         Warding  .     (no gloves)
rMut   .         Stasis   .     (no boots)
Gourm  .                        (no amulet)
MR     .....                    (no ring)
                                (no ring)

@: not resistant to hostile enchantments, extremely unstealthy
A: mutation resistance 1
a: no special abilities


You were on level 4 of the Dungeon.
You were not hungry.

You visited 1 branch of the dungeon, and saw 4 of its levels.

You collected 117 gold pieces.

Inventory:

Hand weapons
 a - a +0 cutlass (weapon)
 D - a +0 hunting sling
Missiles
 k - 89 stones (quivered)
Armour
 b - a +0 scale mail (worn)
 c - a +0 buckler (worn)
Magical devices
 v - a wand of flame (15) {unknown}
 B - a wand of magic darts (9) {unknown}
 G - a wand of flame (16) {unknown}
Comestibles
 d - a bread ration
 i - 2 meat rations
 q - 2 fruits
 x - a beef jerky
 A - 2 chunks of goblin flesh
Scrolls
 f - a scroll of amnesia {unknown}
 g - 2 scrolls of random uselessness {unknown}
 h - 6 scrolls of identify {unknown}
 j - a scroll of enchant weapon {unknown}
 l - 2 scrolls of remove curse {unknown}
 n - 2 scrolls of fog {unknown}
 p - 3 scrolls of teleportation {unknown}
 y - a scroll of blinking {unknown}
Jewellery
 o - a +3 ring of intelligence {unknown}
 s - an uncursed amulet of warding {unknown}
 u - an uncursed ring of fire {unknown}
 I - an uncursed ring of see invisible {unknown}
Potions
 e - a potion of might
 m - a potion of brilliance {unknown}
 r - a potion of haste {unknown}
 t - 3 potions of cancellation {unknown}
 w - 2 potions of confusion {unknown}
 z - 2 potions of decay {unknown}
 C - a potion of magic {unknown}
 H - a potion of agility {unknown}


   Skills:
 + Level 3.1 Fighting
 + Level 3.1 Short Blades
 + Level 4.1 Armour
 + Level 1.8 Dodging
 + Level 3.7 Shields


You had 3 spell levels left.
You didn't know any spells.

Dungeon Overview and Level Annotations

Branches:
Dungeon (4/15)
 Temple: D:4-7

Altars:
Ashenzari
Cheibriados
Okawaru
Yredelemnul

Annotations:
D:4 Prince Ribbit


Innate Abilities, Weirdness & Mutations

You are small and have problems with some larger weapons.
You are somewhat resistant to further mutation.


Message History

You throw a stone. The stone hits Prince Ribbit.
Prince Ribbit is lightly wounded.
Prince Ribbit hits you.
Prince Ribbit catches a blue-tailed skink with his tongue.
Prince Ribbit hits you. You block Prince Ribbit's attack.
Prince Ribbit hits you.
Prince Ribbit blinks!
Throwing (i - inventory):
k - 91 stones (quivered)
Press: ? - help, Shift-Dir - straight line, f/p - Prince Ribbit
Aim: Prince Ribbit (lightly wounded)
You throw a stone.
Prince Ribbit momentarily phases out as the stone passes through him.
Throwing (i - inventory):
k - 90 stones (quivered)
Press: ? - help, Shift-Dir - straight line, f/p - Prince Ribbit
Aim: Prince Ribbit (lightly wounded)
You throw a stone.
Prince Ribbit momentarily phases out as the stone passes through him.
Prince Ribbit hits you!
You die...

######.##
#.......#
#.......#
#.......# .
###......(######..
#.......(((..%..#
#.#.............+
#.##.........((.#
#..@F..(##......#
####....##......#
#....(##......#
########......#
####+#.# .


You could see Prince Ribbit.

Vanquished Creatures
  3 adders
  A worm (D:2)
  2 giant geckos (D:2)
  An ooze (D:1)
  An orc (D:3)
  13 goblins
  5 hobgoblins
  5 jackals
  6 bats
  4 giant newts
  4 kobolds
  A quokka (D:2)
  7 rats
  A rat skeleton (D:4)
54 creatures vanquished.

Notes
Turn   | Place    | Note
--------------------------------------------------------------
     0 | D:1      | CrazyArbalest, the Halfling Fighter, began the quest for the Orb.
     0 | D:1      | Reached XP level 1. HP: 15/15 MP: 1/1
     5 | D:1      | Noticed an electric eel
   341 | D:1      | Reached XP level 2. HP: 20/20 MP: 2/2
   796 | D:1      | Reached XP level 3. HP: 12/26 MP: 3/3
  1206 | D:2      | Found a basalt altar of Yredelemnul.
  1252 | D:2      | Reached skill level 4 in Armour
  1271 | D:2      | Reached skill level 1 in Dodging
  1271 | D:2      | Reached XP level 4. HP: 27/31 MP: 4/4
  1545 | D:2      | Found a snail-covered altar of Cheibriados.
  2021 | D:3      | Found a shattered altar of Ashenzari.
  2082 | D:3      | Found an iron altar of Okawaru.
  2799 | D:4      | Noticed Prince Ribbit
  2822 | D:4      | Slain by Prince Ribbit

Action                   |  1- 3 |  4- 6 || total
-------------------------+-------+-------++-------
Melee: Cutlass           |   122 |    86 ||   208
Throw: Stone             |       |     9 ||     9
  Eat: Chunk             |     1 |     5 ||     6
